[Event "Baku Open 2024"]
[Site "Baku"]
[Date "2024.07.02"]
[Round "4.23"]
[White "Fataliyeva, Ulviyya"]
[Black "Bharadia Yash"]
[Result "0-1"]
[ECO "B51"]
[WhiteElo "2399"]
[BlackElo "2100"]
[Annotator "TA"]
[PlyCount "100"]
[EventDate "2024.06.29"]
[EventType "swiss"]
[EventCountry "AZE"]
[SourceTitle "playchess.com"]
[Source "ChessBase"]
[SourceQuality "1"]
[TimeControl "5400+30"]

1. e4 c5 2. Nf3 d6 3. Bb5+ Nd7 4. O-O a6 5. Bd3 Ngf6 6. c3 b5 7. a4 b4 8. a5 {[%emt 0:02:30] The position is equal.} Bb7 9. Re1 Qc7 10. Bc2 Rc8 11. d3 bxc3 12. bxc3 g6 13. Bf4 Nh5 14. Bg5 h6 15. Bd2 Bg7 16. Qc1 g5 17. h3 Nhf6 (17... d5 $11) 18. Nh2 (18. Na3 $14) 18... Nh7 (18... Ne5 $11) 19. Nf1 Nhf8 20. Ng3 Ng6 21. Nh5 Be5 22. Bb3 Nf6 23. Qd1 e6 ({Black should play} 23... Rd8 $11) 24. Na3 $14 Qe7 25. Nc4 Nxh5 26. Qxh5 Bf4 27. Be3 (27. Ne3 $16) 27... Bxe3 28. fxe3 {[%emt 0:00:11] And now Rf1 would win.} Kf8 $1 29. Rf1 Kg7 30. Rf2 Rhf8 31. Raf1 {[%emt 0:01:08][%cal Of2f6] Threatens to win with Rf6!} Bc6 (31... f6 $14) 32. Nd2 $2 {[%emt 0:08:31] [#]} ({White must play} 32. Rf6 $1 $16 {[%cal Oe4e5] Black must now prevent e5!} Rcd8 33. e5) 32... Rb8 33. Qd1 f5 34. exf5 (34. Bxe6 {seems wilder.} Qxe6 35. exf5 Qxe3 36. Nc4) 34... exf5 35. e4 Nf4 {[%emt 0:00:25] Active counter play!} 36. Bc4 fxe4 37. dxe4 Qe5 38. Bxa6 Qxc3 39. Qa1 Qxa1 40. Rxa1 Rb2 41. Kh2 Rfb8 42. Raf1 $2 {[%emt 0:00:22] [#] This move loses the game for White.} (42. Bc4 $11 {and White is okay.}) 42... Ra8 $1 $19 43. Bc4 Rxa5 44. g3 Ng6 45. Rf7+ (45. Bd5 $142 Bxd5 46. exd5) 45... Kh8 46. R1f2 (46. R7f2 {was the only chance.}) 46... Ne5 {[%emt 0:00:53] Black is clearly winning.} 47. R7f6 Kg7 48. Nb3 Raa2 ({Not} 48... Nxc4 49. Rf7+ Kg8 50. Rf8+ Kg7 51. R8f7+ Kg8 52. Rf8+ Kg7 53. R8f7+ $11) 49. Nd2 Ra4 {[%emt 0:00:31] ...Rxd2 is the strong threat.} ({And not} 49... Nxc4 50. Rf7+ Kg8 51. Rf8+ Kh7 52. R2f7+ Kg6 53. Rf6+ Kg7 54. R8f7+ Kg8 55. Rf8+ Kg7 56. R6f7+ Kg6 57. Rf6+ Kg7 $11) 50. Bb3 Rd4 {[%emt 0:00:35] Weighted Error Value: White=0.46/Black=0.14 (very precise) .  Loses game:     	White=1     	---        Mistake:       	White=5     	Black=4      Inaccurate:     	White=2     	Black=2      OK:         	White=10    	Black=17     Best:        	---       	Black=2      Strong:       	---       	Black=2} 0-1

[Event "Baku Open 2024"]
[Site "Baku"]
[Date "2024.07.02"]
[Round "4.24"]
[White "Soham Kamotra"]
[Black "Kaldarova, Ayaulym"]
[Result "1-0"]
[ECO "E06"]
[WhiteElo "2388"]
[BlackElo "2100"]
[Annotator "RC"]
[PlyCount "85"]
[EventDate "2024.06.29"]
[EventType "swiss"]
[EventCountry "AZE"]
[SourceTitle "playchess.com"]
[Source "ChessBase"]
[SourceQuality "1"]
[TimeControl "5400+30"]

1. g3 d5 2. Nf3 Nf6 3. c4 e6 4. Bg2 Be7 5. O-O O-O 6. b3 b6 7. d4 c6 8. Nc3 Ba6 9. Nd2 Nbd7 10. e4 dxe4 11. Ndxe4 Rc8 12. Re1 Re8 13. Ng5 Nf8 14. Bb2 Qc7 15. Qc2 c5 16. d5 exd5 17. Bxd5 Nxd5 18. Nxd5 Qd6 19. Qc3 Bf6 20. Nxf6+ Qxf6 21. Qxf6 gxf6 22. Bxf6 Bb7 23. f3 Nd7 24. Bc3 h6 25. Ne4 Bxe4 26. Rxe4 Rxe4 27. fxe4 Re8 28. Rd1 Ne5 29. Kg2 Ng4 30. Kf3 Ne5+ 31. Bxe5 Rxe5 32. Rd7 f5 33. exf5 Rxf5+ 34. Kg2 a5 35. Rd6 Re5 36. Rxh6 Re2+ 37. Kh3 Rxa2 38. Rxb6 a4 39. bxa4 Rxa4 40. Rg6+ Kf7 41. Rg4 Ra2 42. Rg5 Ra5 43. Rd5 1-0

[Event "Baku Open 2024"]
[Site "Baku"]
[Date "2024.07.02"]
[Round "4.25"]
[White "Balajayeva, Khanim"]
[Black "Israilov, Agil"]
[Result "0-1"]
[ECO "B10"]
[WhiteElo "2385"]
[BlackElo "2141"]
[Annotator "TA"]
[PlyCount "70"]
[EventDate "2024.06.29"]
[EventType "swiss"]
[EventCountry "AZE"]
[SourceTitle "playchess.com"]
[Source "ChessBase"]
[SourceQuality "1"]
[TimeControl "5400+30"]

1. e4 c6 2. Nf3 d5 3. d3 g6 4. e5 Bg7 5. d4 Bf5 6. Be2 f6 7. exf6 Nxf6 8. O-O {[%emt 0:01:32] White has an edge.} O-O 9. c4 Nbd7 10. Nc3 Nb6 11. c5 Nbd7 12. h3 Qc7 13. Re1 Rae8 14. g4 $2 {[%emt 0:02:05][%mdl 8192] [#] Now White is beyond hope.} (14. Bf1 $11) 14... Bxg4 $1 $19 15. hxg4 Nxg4 16. Qd2 e5 17. Qg5 {[%emt 0:19:27] [#]} e4 $1 18. Ne5 Ngxe5 19. dxe5 Nxe5 ({Much less strong is} 19... Bxe5 20. Qg2 $19) 20. Qg3 Rf7 {[%emt 0:02:47][%mdl 1024] Black has strong compensation.} ({Resist} 20... Qf7 21. Be3) 21. Kg2 (21. Be3 {keeps fighting.}) 21... Ref8 22. Rf1 (22. Be3 {is the only way for White.}) 22... Qe7 23. Be3 Rf5 {[%emt 0:05:24] Threatens to win with ...Nf3.} 24. Rfd1 $2 (24. Rh1 d4 25. Nxe4 (25. Bxd4 $2 {is the wrong capture.} Rg5 $19) 25... dxe3 26. Qxe3) 24... Nf3 {[%emt 0:01:46] aiming for ...Be5.} 25. Bxf3 exf3+ 26. Kf1 Rh5 27. Qg1 {[%emt 0:00:52] Against Rh1} Qh4 {[%emt 0:00:18] ( -> ...Bxc3)} 28. Qg3 d4 (28... Qh1+ $142 29. Qg1 Re8) 29. Qxh4 Rxh4 30. Kg1 {[%emt 0:00:01] Against Rh1+} dxe3 (30... Rf5 $142 31. Ne4 Rxe4 (31... dxe3 $2 32. Rd8+ Rf8 33. Rxf8+ Kxf8 34. fxe3 $19)) 31. fxe3 f2+ 32. Kf1 Bxc3 33. bxc3 Rh1+ 34. Kg2 Rxd1 35. Rxd1 {[%emt 0:00:01] [#]} f1=Q+ $1 {[%emt 0:00:07] Weighted Error Value: White=1.46/Black=0.42.  Loses game:     	White=1     	---        Mistake:       	White=3     	---        Inaccurate:     	White=4     	Black=1      OK:         	White=4     	Black=5      Best:        	---       	Black=1      Strong:       	---       	Black=1      Brilliant:      	---       	Black=1} 0-1

[Event "Baku Open 2024"]
[Site "Baku"]
[Date "2024.07.02"]
[Round "4.26"]
[White "Bayramov, Zaur"]
[Black "Talibov, Shiroghlan"]
[Result "1/2-1/2"]
[ECO "A22"]
[WhiteElo "2249"]
[BlackElo "2361"]
[Annotator "TA"]
[PlyCount "80"]
[EventDate "2024.06.29"]
[EventType "swiss"]
[EventCountry "AZE"]
[SourceTitle "playchess.com"]
[Source "ChessBase"]
[SourceQuality "1"]
[TimeControl "5400+30"]

1. c4 Nf6 2. Nc3 e5 3. g3 Bb4 4. Bg2 O-O 5. d3 Re8 6. e4 c6 7. Nge2 d5 8. exd5 cxd5 9. O-O Bxc3 (9... d4 $15 10. a3 Bf8) 10. Nxc3 $11 d4 11. Nd5 Nxd5 12. Bxd5 Nc6 13. a3 {[%emt 0:01:35] Wards off Nb4} (13. Qh5 {looks sharper.} Qd7 14. Rd1 Qf5 15. Qxf5 Bxf5 16. b3) 13... a5 14. Rb1 Be6 15. Bg2 Bf5 16. Re1 Qd6 17. Qb3 Rac8 18. Bd2 {[%emt 0:06:11] [#]} b6 $1 19. Qxb6 (19. Bd5 Ne7) 19... Bxd3 20. Rbc1 e4 {[%emt 0:00:00] White must now prevent ...Rb8.} 21. Bf4 Qf6 {[%emt 0:00:00] Hoping for ...g5.} 22. Bh3 {[%emt 0:20:29] [#]} g5 $1 23. Bxc8 Rxc8 (23... gxf4 $6 24. Bd7 fxg3 25. fxg3 $16 (25. Bxe8 $2 gxf2+ 26. Kh1 Qf3#)) 24. Qb7 $1 Qe6 25. Bd6 a4 26. Rcd1 Bxc4 {[%emt 0:00:00][%cal Oc4d5] ...Bd5! is the strong threat.} 27. Rxe4 $1 Qxe4 28. Qxc8+ Kg7 {[%emt 0:00:00] And now ...Bd5 would win.} 29. Qf8+ Kg6 {[%emt 0:00:05] Threatens to win with ...Bd5.} 30. Qg8+ $1 Kh5 $2 {[%emt 0:00:13][%mdl 8192] [#]} (30... Kf6 $11 31. Qh8+ Kg6) 31. Rf1 $2 ({White must play} 31. h3 $1 $18 {[%mdl 512] White wants to mate with g4+.} h6 (31... Be6 32. Kh2) 32. Kh2 (32. Qg7 Qe6 $18)) 31... Qd3 $2 (31... h6 $11 32. f3 Qe6) 32. Re1 {[%emt 0:00:46] Intending h3 and mate.} h6 {[%emt 0:00:30] [#]} 33. g4+ $1 Kh4 $18 34. Bg3+ Kh3 35. Qh8 (35. Qf8 $1 $18 Qg6 36. Qc5) 35... Qg6 $16 36. f3 Bd5 {[%emt 0:00:33] [#]} 37. Kf2 ({Better is} 37. f4 $1 $16 Kxg4 (37... gxf4 $2 38. Bxf4 Kxg4 39. Qxh6 $18) 38. Qc8+ f5 39. fxg5 hxg5 40. Kf2 (40. Qd7 Qf7 $11)) 37... Bc4 $11 38. Kg1 (38. Rc1 $11 Qe6 39. Re1) 38... Bd5 $16 {[%emt 0:00:11] [#]} 39. Kf2 (39. f4 $1 $16 {[%cal Rf4f5] f5 would now be deadly.} Kxg4 (39... gxf4 $2 40. Bxf4 Kxg4 41. Qxh6 $18) 40. Qc8+ f5 41. fxg5 hxg5 42. Kf2 (42. Qd7 Qf7 $11)) 39... Bc4 $11 {[%emt 0:00:10] ( -> ...Qc2+)} 40. Kg1 (40. Rc1 $11 Qe6 41. Re1 Qg6) 40... Bd5 {[%emt 0:00:31] Weighted Error Value: White=0.65/Black=0.24 (precise) .  Loses game:     	---       	Black=2      Missed win:     	White=1     	---        Mistake:       	White=5     	Black=2      Inaccurate:     	White=3     	Black=2      OK:         	White=10    	Black=12     Best:        	White=1     	Black=10     Strong:       	White=3     	---} 1/2-1/2

[Event "Baku Open 2024"]
[Site "Baku"]
[Date "2024.07.02"]
[Round "4.27"]
[White "Sherali Pattnaik"]
[Black "Galaktionov, Artem"]
[Result "0-1"]
[ECO "C11"]
[WhiteElo "1955"]
[BlackElo "2358"]
[Annotator "TA"]
[PlyCount "66"]
[EventDate "2024.06.29"]
[EventType "swiss"]
[EventCountry "AZE"]
[SourceTitle "playchess.com"]
[Source "ChessBase"]
[SourceQuality "1"]
[TimeControl "5400+30"]

1. e4 e6 2. d4 d5 3. Nc3 Nf6 4. e5 Nfd7 5. f4 c5 6. Nf3 Nc6 7. Be3 a6 8. Qd2 b5 9. dxc5 Nxc5 10. Qf2 b4 11. Bxc5 bxc3 12. b3 Qa5 {[%emt 0:01:00] White is slightly better.} 13. Bxf8 Rxf8 14. Be2 f6 15. O-O fxe5 16. fxe5 Nxe5 17. Qd4 {[%emt 0:01:54] Inhibits Qb4.} (17. Kh1 $142) 17... Nc6 $16 (17... Nxf3+ 18. Bxf3 (18. Rxf3 Rxf3 19. Bxf3 Qc7 $16) 18... Rf6 19. Rae1) 18. Qxg7 {[%emt 0:00:53][%cal Of3d4] [#] And now Nd4! would win.} Qc5+ 19. Kh1 Ra7 20. Qh6 Raf7 21. Rfe1 {[%emt 0:01:58] Threatens to win with Ng5.} Qf2 22. Ng5 Rf6 23. Qh5+ (23. Qxh7 $2 Qxe2 24. Rg1 Kd8 $19) 23... Kd8 24. Nxh7 (24. Rad1 $1 $14) 24... Rg8 $11 25. g3 (25. Ng5 $11) 25... Rf5 $17 {[%emt 0:00:24] Really sharp!} 26. Qh4+ Ne7 {[%emt 0:02:47] Black has more active pieces.} (26... Kc7 27. Bg4 Re5 28. Rxe5 Nxe5 29. Bh3 Qxc2 30. Qf4 $19) 27. Qb4 {[%emt 0:17:17][%mdl 8192] Dodges Bb7. White does not recover from this.} (27. Bf1 $17) 27... Rh8 $19 28. g4 Rxh7 {[%emt 0:03:04][%csl Gf2][%cal Rh7h2] [#]} 29. Qd6+ Ke8 {[%emt 0:00:21][%cal Oe6e5] ( -> ...e5!)} 30. gxf5 Nxf5 (30... d4 $142 31. Bd3 Qf3+ (31... Nxf5 $2 {too greedy.} 32. Rxe6+ Re7 33. Qc6+ Bd7 34. Qa8+ Kf7 35. Rf1 $18) 32. Kg1 Rg7+ (32... exf5 $2 {perishes.} 33. Qg3 $16) 33. Qg3 Rxg3+ 34. hxg3 Qxg3+ (34... exf5 $2 35. Bf1 $19) 35. Kf1 Qf3+ (35... exf5 $2 36. Re2 $19) 36. Kg1 Bb7 (36... Nxf5 $2 37. Bxf5 Qxf5 38. Re2 $19) (36... exf5 $2 37. Bf1 $19) 37. Be4 Bxe4 38. Rxe4 Qxe4 39. f6 Qg6+ 40. Kh2 Qxc2+ (40... Qxf6 {is a self mate.} 41. Rg1 d3 42. cxd3 Qf4+ 43. Kh3 Nf5 44. Rg6 c2 45. Rg8+ Kf7 46. Rg4 Qf3+ 47. Kh2 Qxg4 48. Kh1 c1=Q+ 49. Kh2 Qh6#) 41. Kh1 Qh7+ 42. Kg2 Qg6+ 43. Kf2 Qxf6+ 44. Ke2 Qe5+ 45. Kf2 Qe3+ 46. Kg2 Nd5 47. Rf1 Nf4+ 48. Rxf4 Qxf4 49. Kh1 c2 50. Kg2 c1=Q 51. Kh3 Qh1#) 31. Qc6+ Kd8 {[%emt 0:00:12][%csl Gf2][%cal Rh7h2] Black mates.} 32. Bh5 Ng3+ 33. hxg3 Rxh5# {[%emt 0:00:03] Weighted Error Value: White=1.01/Black=0.20 (precise) .  Loses game:     	White=1     	---        Mistake:       	White=3     	---        Inaccurate:     	White=3     	Black=3      OK:         	White=6     	Black=7      Best:        	White=2     	Black=4} 0-1

[Event "Baku Open 2024"]
[Site "Baku"]
[Date "2024.07.02"]
[Round "4.28"]
[White "Gokerkan, Cem Kaan"]
[Black "Suleimen, Ergali"]
[Result "1-0"]
[ECO "B94"]
[WhiteElo "2512"]
[BlackElo "2254"]
[Annotator "TA"]
[PlyCount "131"]
[EventDate "2024.06.29"]
[EventType "swiss"]
[EventCountry "AZE"]
[SourceTitle "playchess.com"]
[Source "ChessBase"]
[SourceQuality "1"]
[TimeControl "5400+30"]

1. e4 c5 2. Nf3 d6 3. d4 cxd4 4. Nxd4 Nf6 5. Nc3 a6 6. Bg5 Nbd7 7. Qe2 {[%emt 0:09:31] B94: Sicilian Najdorf: 6 Bg5 Nbd7.} e5 8. Nf5 h6 9. Bxf6 Nxf6 10. O-O-O g6 11. Ne3 Be6 12. Ned5 Bg7 $146 ({Predecessor:} 12... Nxd5 13. Nxd5 Rc8 14. Kb1 Rc5 15. Ne3 h5 16. g3 Bh6 17. Qd3 Qa5 18. a3 O-O 19. Qxd6 {0-1 Firouzja,A (2492)-Areshchenko,A (2686) Dubai op 19th 2017 (6)}) 13. h4 Rc8 14. Nxf6+ Bxf6 15. Nd5 Bxh4 16. g3 Bg5+ 17. Kb1 O-O 18. Bh3 Rc5 19. Bxe6 fxe6 20. Nb4 Rc7 21. Nd3 Qf6 22. Rhf1 h5 23. f4 exf4 24. gxf4 Bh6 25. f5 exf5 26. exf5 Re7 27. Qh2 $1 Re4 (27... gxf5 $6 28. Qxh5 Bg7 29. Rd2 $16) (27... Kh8 $11) 28. Qg2 $16 Rg4 29. Qxb7 gxf5 30. Qxa6 h4 31. Qb5 Kh8 (31... Qe6 $14) 32. a4 $1 $16 h3 33. Rh1 $1 Qh4 34. a5 $1 h2 35. Qb6 Qg3 36. a6 $1 Be3 (36... Rg6 $16 37. Qd4+ Kh7 (37... Bg7 $2 38. Qf4 $18)) 37. Rxh2+ $1 $18 Qxh2 38. Qxe3 Rfg8 39. a7 $2 (39. b4 $18) 39... Rg1 $11 40. Ne1 Qh1 $2 (40... Ra8 $11) 41. b3 $2 (41. b4 $1 $16 ) 41... f4 (41... Ra8 $11 {keeps the balance.}) 42. Qc3+ $16 (42. Qxf4 Rxe1 43. Qf6+ Kh7 $16) 42... R1g7 $2 (42... Kh7 $16) 43. Kb2 $2 ({Not} 43. Rxd6 Kh7 44. Rd3 Rg3 45. Qc7+ R8g7 $18) (43. Rd3 $1 $18 Ra8 44. Rh3+ (44. Rxd6 Kg8 $11) 44... Qxh3 45. Qxh3+ Rh7 46. Qc3+ Kg8 47. Qc4+ Rf7 48. Nf3 (48. Qb5 Rfxa7 49. Qd5+ Kg7 $18)) 43... Ra8 44. Rxd6 Raxa7 $2 (44... Qb7 $1 $11) 45. Rd8+ $18 Kh7 46. Qd3+ $2 (46. Qc8 $1 $18 {White wants to mate with Rh8+.} Qe4 (46... Qxe1 47. Rh8+ Kg6 48. Qg4+ Kf7 49. Qxf4+ Ke7 50. Qf8+ Kd7 51. Qxg7+ Qe7 52. Qxe7+ Kxe7 53. Rh7+ Kd6 54. Rxa7) 47. Qh3+ Kg6 48. Rd6+ Kf7 49. Qh5+ Ke7 50. Qc5) 46... Rg6 $11 47. Rd6 Qh6 48. Nf3 Qg7+ $1 49. Nd4 Rf7 50. Kb1 Qh6 51. Nf5 Qh1+ 52. Kb2 Qh5 $2 (52... Ra7 $1 $11 {and Black stays safe.} 53. Rd7+ Rxd7 54. Qxd7+ Kh8) 53. Nh4 $1 $18 Qe5+ 54. Rd4 Rff6 55. Nxg6 Rxg6 56. Qc3 (56. b4 $142) 56... Kh6 {[%emt 0:00:26] [#]} (56... Rg5 {was worth a try.} 57. Qd3+ Kh6) 57. b4 $2 (57. Qd2 $1 $18 ) 57... Rf6 $2 (57... Rd6 $11 58. Rd2 Qxc3+ 59. Kxc3 Rf6) 58. Rd1 Qg5 $2 {[%emt 0:01:12] [#]} (58... Qxc3+ 59. Kxc3 f3) 59. Rd5 (59. Rg1 $142 $3 Qxg1 60. Qxf6+ Kh7 61. Qxf4) 59... Qh4 $2 (59... Qg6 $18 60. Qh3+ Kg7) 60. Qd4 Kg6 61. b5 (61. Qe4+ $142 Kg7 62. Qe7+ Kg6 63. Qe8+ Rf7 64. Qg8+ Kf6 65. Ra5 f3 66. Ra6+ Ke5 67. Qxf7) 61... Qe1 62. Qd3+ Kh6 63. Qh3+ Kg7 64. Rd7+ Rf7 65. Qg4+ Kh6 66. Rd6+ 1-0

[Event "Baku Open 2024"]
[Site "Baku"]
[Date "2024.07.02"]
[Round "4.29"]
[White "Saravana, Krishnan P."]
[Black "Zhalmakhanov, Ramazan"]
[Result "1-0"]
[ECO "B22"]
[WhiteElo "2236"]
[BlackElo "2505"]
[Annotator "TA"]
[PlyCount "85"]
[EventDate "2024.06.29"]
[EventType "swiss"]
[EventCountry "AZE"]
[SourceTitle "playchess.com"]
[Source "ChessBase"]
[SourceQuality "1"]
[TimeControl "5400+30"]

1. e4 c5 2. c3 d5 3. exd5 Qxd5 4. d4 e6 5. Nf3 Nf6 6. Na3 Nc6 7. Nb5 Qd8 8. dxc5 Bxc5 9. Qxd8+ Kxd8 10. Bf4 Nd5 11. Bg3 Ke7 12. O-O-O a6 13. Nbd4 {[%emt 0:00:37] White has an edge.} Nxd4 14. Nxd4 Rd8 15. Bc4 Nf6 16. Nb3 Bd6 17. Be2 (17. Bxd6+ {simplifies} Rxd6 18. Rxd6 Kxd6 19. Be2) 17... Bxg3 18. hxg3 Rxd1+ 19. Rxd1 Ne4 20. Rf1 Bd7 21. Na5 Rb8 22. Bf3 Nd6 23. Rd1 e5 24. Bd5 Be6 {[%emt 0:01:33] [#]} (24... f6 $11 {remains equal.}) 25. Bxb7 $1 $16 {[%emt 0:06:10][%mdl 512] White is more active.} Rxb7 (25... Nxb7 $2 {is the wrong capture.} 26. Nc6+ Ke8 27. Nxb8 $18) 26. Rxd6 $1 Kxd6 ({Not} 26... Rxb2 $2 27. Rxe6+ (27. Rxa6 $2 {perishes.} Rxf2 28. Nc6+ Kf6 $19) 27... Kxe6 28. Kxb2 $18) 27. Nxb7+ {[%emt 0:00:09][%mdl 4096] Endgame. KB-KN} Kc7 28. Nc5 {[%emt 0:03:06] aiming for Nxe6+.} Bxa2 29. Nxa6+ Kd6 {[%emt 0:00:12] [#]} 30. Nb4 $1 Bc4 31. Nc2 f5 32. Ne3 (32. f4 $16) 32... Be6 $14 33. f4 {[%emt 0:03:32] Kd2 is the strong threat.} h6 $1 34. Kd2 {[%emt 0:05:47] Threatens to win with Kd3.} g5 $1 35. fxe5+ Kxe5 36. b4 f4 37. gxf4+ gxf4 38. Nc2 Bc4 39. Ke1 Ke4 40. Na3 Be6 41. Kf2 h5 42. Nb5 Kd3 $2 {[%emt 0:01:15][%mdl 8192] [#]} (42... h4 $11) 43. Nd6 $1 {[%emt 0:01:32] Weighted Error Value: White=0.07 (flawless) /Black=0.11 (very precise) .  Loses game:     	---       	Black=1      Mistake:       	White=1     	Black=1      OK:         	White=10    	Black=15     Best:        	White=1     	Black=1      Strong:       	White=3     	Black=2      Brilliant:      	White=1     	---} 1-0

[Event "Baku Open 2024"]
[Site "Baku"]
[Date "2024.07.02"]
[Round "4.30"]
[White "Aradhya, Garg"]
[Black "Vrashank Chouhan"]
[Result "1-0"]
[ECO "E12"]
[WhiteElo "2418"]
[BlackElo "2209"]
[Annotator "TA"]
[PlyCount "67"]
[EventDate "2024.06.29"]
[EventType "swiss"]
[EventCountry "AZE"]
[SourceTitle "playchess.com"]
[Source "ChessBase"]
[SourceQuality "1"]
[TimeControl "5400+30"]

1. d4 Nf6 2. c4 e6 3. Nf3 b6 4. Nc3 Bb7 5. a3 d5 6. Qc2 Nbd7 7. cxd5 Nxd5 8. Nxd5 exd5 9. Bg5 Qc8 10. g3 Bd6 11. Bh3 {[%emt 0:00:32] White is slightly better.} h6 (11... O-O $11) 12. Bf4 $14 Bxf4 (12... Qd8 $142) 13. gxf4 $16 {[%emt 0:00:02] Ne5 would now be deadly.} Qd8 14. Rc1 c6 15. Qf5 (15. Bxd7+ $142 Qxd7 16. Ne5) 15... g6 16. Qd3 {[%emt 0:00:48] White is much more active. The black rooks are passive.} f5 17. Rg1 Qf6 18. Ne5 (18. Kd2 {is interesting.} O-O-O 19. Ne5 Rhg8 20. Nxd7 Kxd7 21. Rxg6 Rxg6 22. Bxf5+ Ke7 23. Bxg6 Qxf4+ 24. Qe3+) 18... Nxe5 19. fxe5 Qe6 20. f3 Rd8 21. Rc3 O-O 22. b4 Kh7 23. f4 Rc8 24. Qc2 Rf7 25. Rcg3 {[%emt 0:03:17] And now Rxg6 would win.} Rg8 26. Kd2 (26. Bf1 $16) 26... Ba6 $14 27. Rc1 Rc8 28. e3 {[%emt 0:01:33][%cal Be2e3,Be3d4][%mdl 32] [#]} c5 $1 29. bxc5 bxc5 30. dxc5 d4 31. exd4 $16 {[%emt 0:01:03] Qb3 is the strong threat.} Rd7 (31... Rd8 $16 32. Ke3 Bb5) 32. Ke3 $18 {[%emt 0:01:07][%cal Og3g6] aiming for Rxg6!} Rcd8 $2 {[%emt 0:02:02] [#]} (32... Qd5 33. Bxf5 (33. Rd1 Rxc5 34. dxc5 Qxd1 $16) 33... Qxd4+ 34. Kf3 Bb7+ (34... gxf5 35. Qxf5+ Kh8 36. Qf6+ Kh7 37. Qg6+ Kh8 38. Qxh6+ Rh7 39. Qf6+) 35. Kg4 (35. Be4 $2 Rxc5 36. Qe2 Rxc1 $19) 35... Rg7 (35... gxf5+ $2 36. Qxf5+ Kh8 37. c6 $18) 36. Bxc8 Bxc8+ 37. Kf3 Be6) 33. Rxg6 $3 Kxg6 {[%emt 0:01:42] [#]} (33... Qd5 34. Rxa6) 34. Bxf5+ $1 {[%emt 0:00:15][%mdl 512] Weighted Error Value: White=0.13 (very precise) /Black=0.38.  Mistake:       	White=2     	Black=5      Inaccurate:     	White=3     	Black=3      OK:         	White=6     	Black=9      Best:        	White=3     	Black=1      Brilliant:      	White=1     	Black=1} 1-0

[Event "Baku Open 2024"]
[Site "Baku"]
[Date "2024.07.02"]
[Round "4.31"]
[White "Kairbekova, Amina"]
[Black "Vantika Agrawal"]
[Result "1/2-1/2"]
[ECO "C11"]
[WhiteElo "2244"]
[BlackElo "2390"]
[Annotator "TA"]
[PlyCount "63"]
[EventDate "2024.06.29"]
[EventType "swiss"]
[EventCountry "AZE"]
[SourceTitle "playchess.com"]
[Source "ChessBase"]
[SourceQuality "1"]
[TimeControl "5400+30"]

1. e4 e6 2. d4 d5 3. Nc3 Nf6 4. e5 Nfd7 5. f4 c5 6. Nf3 Nc6 7. Be3 Rb8 8. Qd2 $1 Qa5 9. dxc5 Bxc5 10. Nd4 a6 11. a3 O-O 12. Nb3 Bxe3 $1 13. Qxe3 Qc7 14. Bd3 b5 15. Ne2 Nb6 16. Nbd4 Nxd4 17. Nxd4 Nc4 18. Bxc4 ({Don't play} 18. Qh3 h6) 18... dxc4 {[%emt 0:00:36] Black is weak on the dark squares} 19. c3 a5 20. O-O Qc5 21. Nc2 Qxe3+ 22. Nxe3 Bb7 23. Rfd1 Be4 24. Rd4 Bd3 25. a4 bxa4 26. Nxc4 Bxc4 27. Rxc4 $11 {[%emt 0:00:04] KRR-KRR} Rb6 {[%emt 0:03:08] [#]} 28. b3 $2 Rxb3 $2 (28... axb3 $19 {...Rd8 would now be deadly.} 29. Kf2 g5 30. fxg5 Rd8) 29. Rcxa4 {[%emt 0:00:34] The position is equal.} Rb2 30. Rxa5 Rc2 31. Ra7 Rxc3 32. Ra8 {[%emt 0:00:00] Weighted Error Value: White=0.24 (precise) /Black=0.20 (precise) .  Loses game:     	White=1     	---        Missed win:     	---       	Black=1      Inaccurate:     	White=1     	Black=2      OK:         	White=9     	Black=11     Strong:       	White=1     	Black=1} 1/2-1/2

[Event "Baku Open 2024"]
[Site "Baku"]
[Date "2024.07.02"]
[Round "4.32"]
[White "Kamalidenova, Meruert"]
[Black "Amangeldy, Ernur"]
[Result "1/2-1/2"]
[ECO "B30"]
[WhiteElo "2360"]
[BlackElo "2223"]
[Annotator "TA"]
[PlyCount "52"]
[EventDate "2024.06.29"]
[EventType "swiss"]
[EventCountry "AZE"]
[SourceTitle "playchess.com"]
[Source "ChessBase"]
[SourceQuality "1"]
[TimeControl "5400+30"]

1. e4 c5 2. Nf3 Nc6 3. Bb5 Nf6 4. Nc3 Qc7 5. Bxc6 dxc6 6. h3 e5 7. d3 Be7 8. Be3 O-O 9. O-O Re8 10. a4 a5 11. Qe2 Nd7 12. Nd2 Nf8 13. f4 exf4 14. Bxf4 Bd6 15. Bxd6 Qxd6 16. Qf2 Qd4 17. Ne2 Qxf2+ 18. Rxf2 Ng6 19. Nc4 Be6 20. b3 Red8 21. Rff1 Ra6 22. Nc3 Raa8 23. Nb6 {[%emt 0:10:15] A dynamic duo of knights.} Ra6 24. Nc4 Raa8 25. Nb6 Ra6 26. Nc4 Raa8 {[%emt 0:00:06] Weighted Error Value: White=0.11 (very precise) /Black=0.10 (very precise) .  Inaccurate:     	---       	Black=1      OK:         	White=8     	Black=7      Best:        	---       	Black=2} 1/2-1/2